 Dungeon Crawl Stone Soup version 0.32-a0-799-g95e1662365 (webtiles) character file.

Game seed: 3887472585071285477

142 runemasterragnar the Trooper (level 5, 0/36 HPs)
             Began as an Octopode Fighter on Mar 22, 2024.
             Slain by a goblin
             ... wielding a +0 dagger
             ... led by Robin
              (3 damage)
             ... on level 4 of the Dungeon.
             The game lasted 00:03:36 (3137 turns).

runemasterragnar the Trooper (Octopode Fighter)     Turns: 3137, Time: 00:03:36

Health: 0/36       AC:  1    Str: 13 (15) XL:     5   Next: 25%
Magic:  5/5        EV: 12    Int: 10 (12) God:
Gold:   166        SH:  4    Dex: 10 (12) Spells: 4/4 levels left

rFire   . . .        a - +0 long sword
rCold   . . .        b - +0 buckler
rNeg    . . .        (helmet currently unavailable)
rPois   .            (no amulet)
rElec   .            (no ring)
rCorr   .            (no ring)
SInv    .            (no ring)
Will    .....        (no ring)
Stlth   +++          (no ring)
HPRegen 0.26/turn    (no ring)
MPRegen 0.09/turn    (no ring)
                     (no ring)

%: no passive effects
@: beast-form, hasted, studying Ice Magic, very quick
A: beast (slay +0), almost no armour, amphibious, 8 rings, camouflage 1,
gelatinous body 1, (nimble swimmer 1), tentacles, tentacle spike 1, inability to
drink after injury 1, inability to read after injury 1
a: Begin Untransformation


You were on level 4 of the Dungeon.
You were a hulking beast.
You visited 1 branch of the dungeon, and saw 4 of its levels.

You collected 166 gold pieces.

Inventory:

Hand Weapons
 a - a +0 long sword (weapon)
 z - a +1 dagger of venom
Missiles
 n - 10 poisoned darts (quivered)
Armour
 b - a +0 buckler (worn)
Jewellery
 q - an amulet of guardian spirit
Talismans
 v - a beast talisman (active)
Wands
 t - a wand of digging (4)
Scrolls
 e - a scroll of vulnerability {unknown}
 f - a scroll of amnesia {unknown}
 g - 3 scrolls of teleportation {unknown}
 h - a scroll of torment {unknown}
 j - a scroll of enchant armour {unknown}
 k - a scroll of brand weapon {unknown}
 r - 5 scrolls of identify {unknown}
 u - 3 scrolls of blinking {unknown}
 y - a scroll of fog {unknown}
Potions
 c - a potion of might
 d - a potion of brilliance
 i - a potion of enlightenment {unknown}
 l - a potion of mutation
 m - a potion of ambrosia {unknown}
 o - a potion of curing
 w - a potion of berserk rage {unknown}
 x - a potion of attraction {unknown}
 A - a potion of degeneration


   Skills:
 + Level 3.5 Fighting
 * Level 3.4 Long Blades
 + Level 3.5 Dodging
 + Level 2.3 Stealth
 + Level 3.5 Shields
 - Level 0.6 Shapeshifting


You had 4 spell levels left.
You didn't know any spells.
Your spell library contained the following spells:

 Spells                   Type           Power      Damage    Failure   Level
 Ensorcelled Hibernation  Hex/Ice        0%         N/A       61%         2
 Passwall                 Erth           0%         N/A       83%         3
 Swiftness                Air            0%         N/A       83%         3


Dungeon Overview and Level Annotations

Branches:
Dungeon (4/15)
 Temple: D:4-7

Altars:

Annotations:
D:3 3 runed translucent doors, mitya21's ghost, amateur DsSh
D:4 Pikel; Robin


Innate Abilities, Weirdness & Mutations

You are a hulking beast.
Your limbs bulge with bestial killing power. (Slay +0)
You cannot wear most types of armour.
You are amphibious.
You can wear up to eight rings at the same time.
Your skin changes colour to match your surroundings (Stealth+).
Your rubbery body absorbs attacks. (AC +1, EV +1)
((You are camouflaged when in or above water. (Stealth+)))
You have tentacles for arms and can constrict up to eight enemies at once.
One of your tentacles bears a spike.
You occasionally lose the ability to drink potions when taking damage.
You occasionally lose the ability to read scrolls when taking damage.


Message History

The goblin hits you with a +0 club.
Robin hits you from afar with a +0 spear.
It was a potion of mutation.
You feel extremely strange.
You occasionally lose the ability to read scrolls when taking damage.
You occasionally lose the ability to drink potions when taking damage.
One of your lower tentacles grows a sharp spike.
The adder bites you. The goblin hits you with a +0 club.
Robin throws the goblin at you!
Unknown command.
A hobgoblin and 2 goblins come into view.
The adder closely misses you. The goblin hits you with a +0 club.
The goblin closely misses you.
Robin hits you from afar with a +0 spear.
* * * LOW HITPOINT WARNING * * *
The hobgoblin moves out of view.
You see here a +0 dagger.
Okay, then.
Okay, then.
The adder bites you.
* * * LOW HITPOINT WARNING * * *
The goblin closely misses you. Robin throws the goblin at you!
* * * LOW HITPOINT WARNING * * *
The goblin barely misses you.
Unknown command.
It was a potion of degeneration.
There was something very wrong with that liquid.
You feel weakened.
You feel dopey.
You feel clumsy. The adder misses you. The goblin closely misses you.
You block the goblin's attack. The goblin completely misses you.
It was a potion of cancellation.
Your magical effects are unravelling.
You feel magically purged.
You feel a little less clever now. The adder misses you.
You block the goblin's attack. The goblin hits you with a +0 dagger.
* * * LOW HITPOINT WARNING * * *
The goblin completely misses you.
It was a potion of haste.
You feel yourself speed up. The adder misses you.
The goblin closely misses you. The goblin hits you with a +0 dagger.
You die...

#... ...............#.....
#... ...............+.....
#.... #..##..<......#.....
#....##..##..##.....#.....
#........##..##.....#.....
#....ggg............#.....
.'...g##)###.........#.....
.#..g #.S##.........#.....


#gg #gghg.........#..... .gg #.g######.....#..... .# #### >..#######.....
.......<....... .......5....... .........5..... ###......5..... ########.....
..5K...#..... You could see Robin, an adder, a hobgoblin (strong) and 5 goblins.

Vanquished Creatures
  4 adders
  3 gnolls (D:4)
  A ribbon worm (D:4)
  2 dart slugs
  5 orcs
  2 ball pythons (D:2)
  5 endoplasms
  2 giant cockroaches (D:3)
  7 goblins
  6 hobgoblins
  6 jackals (D:1)
  5 quokkas
  4 bats
  2 frilled lizards
  5 kobolds
  A rat (D:1)
60 creatures vanquished.

Notes
Turn   | Place    | Note
-------+----------+-------------------------------------------
     0 | D:1      | runemasterragnar the Octopode Fighter began the quest for
                  | the Orb.
     0 | D:1      | Reached XP level 1. HP: 16/16 MP: 1/1
   111 | D:1      | Reached XP level 2. HP: 8/21 MP: 2/2
   445 | D:1      | Reached skill level 1 in Stealth
   934 | D:2      | Reached XP level 3. HP: 26/26 MP: 3/3
  1723 | D:3      | Reached XP level 4. HP: 31/31 MP: 4/4
  1776 | D:3      | Noticed mitya21's ghost (amateur DsSh)
  1796 | D:3      | Found a runed translucent gate.
  1796 | D:3      | Found a runed translucent gate.
  1897 | D:3      | Found a runed translucent gate.
  2747 | D:3      | Identified a scroll of acquirement
  2747 | D:3      | Acquired a manual of Ice Magic
  2821 | D:4      | Reached XP level 5. HP: 19/36 MP: 5/5
  3069 | D:4      | Noticed Pikel
  3069 | D:4      | Noticed a lemure
  3069 | D:4      | Noticed a lemure
  3069 | D:4      | Noticed a lemure
  3069 | D:4      | Noticed a lemure
  3115 | D:4      | Noticed Robin
  3132 | D:4      | Gained mutation: You occasionally lose the ability to read
                  | scrolls when taking damage. [potion of mutation]
  3132 | D:4      | Gained mutation: You occasionally lose the ability to drink
                  | potions when taking damage. [potion of mutation]
  3132 | D:4      | Gained mutation: One of your tentacles bears a spike.
                  | [potion of mutation]
  3137 | D:4      | Slain by a goblin

Illustrated notes

Levels and vault maps discovered:
D:1:      orjb1_lava_funnel, layout_basic, amethyst_killhole,
          minmay_misc_feat_chi, amcnicky_mini_pool_small
D:2:      cheibrodos_old_hovel, layout_loops_ring
D:3:      layout_loops_corners, gammafunk_ghost_split
D:4:      layout_gridville, serial_bayou_pond_a,
          nicolae_concentric_dashed_squares_wild, uniq_pikel, uniq_robin,
          uniq_grinder

Skill      XL: |  1  2  3  4 |
---------------+-------------+-----
Stealth        | 1 2 |  2.3
Long Blades    | 3 |  3.4
Fighting       | |  3.5
Dodging        | |  3.5
Shields        | |  3.5
Shapeshifting  | |  0.6

Action                     |  1- 3 |  4- 6 || total
---------------------------+-------+-------++-------
  Melee: Long sword        |    51 |    54 ||   105
         Constrict         |     9 |    13 ||    22
         Tentacles         |     4 |     6 ||    10
  Throw: Dart              |       |     2 ||     2
    Use: Scroll            |       |     1 ||     1
         Potion            |       |     6 ||     6
   Stab: Sleeping          |     8 |     3 ||    11
 Armour: Skin              |    27 |    38 ||    65
  Dodge: Dodged            |    26 |    45 ||    71
  Block: Buckler           |    10 |    15 ||    25
   Form: Beast             |       |     1 ||     1

Table legend: (Time is in decaauts)
 A = Elapsed time spent in this place.
 B = Non-inter-level travel time spent in this place.
 C = Inter-level travel time spent in this place.
 D = Time resting spent in this place.
 E = Time spent auto-exploring this place.
 F = Levels seen in this place.
 G = Mean time per level.
                   A        B        C        D        E       F      G
               +--------+--------+--------+--------+--------+-----+--------+
         Total |   3167 |   3067 |    100 |    417 |   2203 |   4 |  791.8 |
       Dungeon |   3167 |   3067 |    100 |    417 |   2203 |   4 |  791.8 |
               +--------+--------+--------+--------+--------+-----+--------+

Top non-repeatable levels by time:
     D:3: 1177 daAuts
     D:1: 904 daAuts
     D:2: 735 daAuts
     D:4: 350 daAuts
